 Dungeon Crawl Stone Soup version 0.30-a0-715-gdb4ae3ece1 (webtiles) character file.

Game seed: 6301805561135307413

28603 gelatine the Arsonist (level 13, -8/105 HPs)
             Began as a Demonspawn Fire Elementalist on Jan 24, 2023.
             Was a High Priest of Vehumet.
             Mangled by a cane toad (10 damage)
             ... on level 3 of the Lair of Beasts.
             The game lasted 00:45:38 (17130 turns).

gelatine the Arsonist (DsFE)                       Turns: 17130, Time: 00:45:39

Health: -8/105     AC: 14    Str:  9    XL:     13   Next: 10%
Magic:  0/26       EV: 21    Int: 25    God:    Vehumet [*****.]
Gold:   736        SH:  4    Dex: 19    Spells: 3/30 levels left

rFire   + . .      SeeInvis +    s - +9 short sword of the Noxious God {flame, rF+ rC- SInv}
rCold   . . .      Faith    .    (no shield)
rNeg    + . .      Spirit   +    q - +2 robe {rC+}
rPois   +          Reflect  .    j - +0 helmet
rElec   .          Harm     .    m - +1 cloak
rCorr   +          Rampage  .    (no gloves)
Will    .....                    (no boots)
Stlth   ++                       L - amulet of guardian spirit
HPRegen 0.37/turn                N - ring "Odwuehie" {rPois rN+ rCorr AC+4 Int+3}
MPRegen 0.20/turn                M - +6 ring of dexterity

@: agile, on berserk cooldown, slowed, very slow
A: hooves 2, yellow scales 2, powered by pain 2, condensation shield, robust 1
a: Renounce Religion


You were on level 3 of the Lair of Beasts.
You worshipped Vehumet.
Vehumet was extremely pleased with you.
You visited 3 branches of the dungeon, and saw 16 of its levels.

You collected 978 gold pieces.
You spent 242 gold pieces at shops.

Inventory:

Hand Weapons
 s - the +9 short sword of the Noxious God (weapon) {flame, rF+ rC- SInv}
   (You found it on level 3 of the Dungeon)

   rF:        It protects you from fire.
   rC:        It makes you vulnerable to cold.
   SInv:      It lets you see invisible.
 v - a +1 heavy hand axe
 E - a +2 vampiric short sword
Missiles
 f - a throwing net
 C - 5 curare-tipped darts
 F - 5 boomerangs
Armour
 j - a +0 helmet (worn)
 m - a +1 cloak (worn)
 q - a +2 robe of cold resistance (worn)
 t - the +1 robe of Decompression {Will+ Str+5}
   (You found it on level 3 of the Dungeon)

   Str:       It affects your strength (+5).
   Will:      It increases your willpower.
 G - a +1 hat
 H - +0 acid dragon scales
 R - a +2 robe of willpower
 T - +0 steam dragon scales
Jewellery
 x - a +6 ring of strength
 L - an amulet of guardian spirit (around neck)
 M - a +6 ring of dexterity (right hand)
 N - the ring "Odwuehie" (left hand) {rPois rN+ rCorr AC+4 Int+3}
   (You found it on level 10 of the Dungeon)

   [ring of protection]

   AC:        It affects your AC (+4).
   Int:       It affects your intelligence (+3).
   rPois:     It protects you from poison.
   rN:        It protects you from negative energy.
   rCorr:     It protects you from acid and corrosion.
 S - the ring "Piaha" {rC+ Will++ Int-2}
   (You found it on level 1 of the Lair of Beasts)

   [ring of protection from cold]

   Int:       It affects your intelligence (-2).
   rC:        It protects you from cold.
   Will:      It greatly increases your willpower.
Wands
 p - a wand of flame (38)
 w - a wand of paralysis (12)
 y - a wand of digging (3)
 I - a wand of roots (2)
 P - a wand of quicksilver (4)
Scrolls
 c - 3 scrolls of poison
 d - 2 scrolls of fear
 e - a scroll of amnesia
 i - 2 scrolls of immolation
 n - 3 scrolls of teleportation
 z - 3 scrolls of noise
 A - 3 scrolls of identify
 B - a scroll of enchant weapon
 O - a scroll of enchant armour
Potions
 a - a potion of flight
 b - 3 potions of magic
 g - 7 potions of curing
 h - 2 potions of might
 k - 6 potions of lignification
 l - 4 potions of attraction
 o - 4 potions of heal wounds
 r - 2 potions of mutation
 u - a potion of resistance
 D - 3 potions of brilliance
 J - 2 potions of ambrosia
 K - a potion of cancellation
 Q - a potion of berserk rage


   Skills:
 * Level 7.3 Fighting
 * Level 4.6(4.8) Short Blades
 + Level 1.4(3.2) Long Blades
 * Level 3.6 Armour
 * Level 6.3 Dodging
 + Level 2.6 Stealth
 + Level 9.0 Spellcasting
 * Level 7.5 Conjurations
 + Level 0.8 Transmutations
 * Level 11.2 Fire Magic
 + Level 5.9 Poison Magic
 + Level 6.0 Evocations


You had 3 spell levels left.
You knew the following spells:

 Your Spells              Type           Power      Damage    Failure   Level
a - Foxfire               Conj/Fire      100%       2x1d9     1%          1
b - Scorch                Fire           100%       2d10      1%          2
c - Olgreb's Toxic Radia  Pois           41%        N/A       1%          4
d - Ignite Poison         Fire/Tmut/Pois 41%        N/A       1%          3
e - Flame Wave            Conj/Fire      55%        2d13      1%          4
f - Ignition              Fire           30%        3d10      63%         8
g - Fireball              Conj/Fire      27%        3d12      1%          5

Your spell library contained the following spells:

 Spells                   Type           Power      Damage    Failure   Level
 Magic Dart               Conj           100%       1d8       1%          1
 Sandblast                Erth           22%        2d7       1%          1
 Sting                    Tmut/Pois      100%       1d8       1%          1
 Poisonous Vapours        Pois/Air       52%        N/A       1%          2
 Searing Ray              Conj           96%        2d7       1%          2
 Static Discharge         Conj/Air       60%        2-5/arc   1%          2
 Dazzling Flash           Conj/Hex       60%        N/A       1%          3
 Inner Flame              Hex/Fire       39%        N/A       1%          3
 Kindle Blastsparks       Fire/Tloc/Air  60%        2d15      1%          3
 Stone Arrow              Conj/Erth      60%        3d10      1%          3
 Cigotuvi's Dreadful Rot  Necr/Pois/Air  42%        N/A       3%          2
 Passwall                 Tmut/Erth      10%        N/A       7%          2
 Ensorcelled Hibernation  Hex/Ice        22%        N/A       9%          2
 Ozocubu's Armour         Ice            11%        N/A       16%         3
 Swiftness                Air            11%        N/A       16%         3
 Vhi's Electric Charge    Tloc/Air       22%        N/A       16%         3
 Sticky Flame             Conj/Fire      55%        2d7       1%          4
 Fulminant Prism          Conj/Hex       15%        3d10      3%          4
 Iskenderun's Mystic Bla  Conj/Tloc      30%        2d8       3%          4
 Starburst                Conj/Fire      27%        6d9       5%          6
 Arcjolt                  Conj/Air       15%        1d25      9%          5
 Lightning Bolt           Conj/Air       15%        1d29      9%          5
 Alistair's Intoxication  Tmut/Pois      18%        N/A       36%         5
 Ice Form                 Ice/Tmut       13%        N/A       41%         4
 Eringya's Noxious Bog    Tmut/Pois      14%        N/A       45%         6
 Cause Fear               Hex            5%         N/A       47%         4
 Borgnjor's Vile Clutch   Necr/Erth      5%         N/A       83%         5
 Spellforged Servitor     Conj/Summ      15%        N/A       90%         7
 Simulacrum               Ice/Necr       5%         N/A       100%        6
 Dragon Form              Tmut           7%         N/A       100%        7
 Ozocubu's Refrigeration  Ice            5%         4d8       100%        7
 Dragon's Call            Summ           5%         N/A       100%        9


Dungeon Overview and Level Annotations

Branches:
Dungeon (12/15)            Temple (1/1) D:6            Lair (3/5) D:9
  Swamp (0/4) Lair:3       Spider (0/4) Lair:3          Orc (0/2) D:11

Altars:
Ashenzari
Cheibriados
Dithmenos
Fedhas
Gozag
Hepliaklqana
Kikubaaqudgha
Makhleb
Nemelex Xobeh
Okawaru
Qazlal
Ru
Sif Muna
Trog
Uskayaw
Vehumet
Wu Jian
Xom
Yredelemnul

Shops:
D:4 [   D:8 !

Portals:
Trove: D:10 (give +5 ice dragon scales)

Annotations:
Lair:3 1 transporter, Gymmif's ghost, journeyman DsGl


Innate Abilities, Weirdness & Mutations

You have hoof-like feet.
You are mostly covered in yellow scales. (AC +3)
You sometimes gain power by taking damage.
A meltable shield of frost defends you. (SH +4)
You are robust. (+10% HP)


Message History

Press: ? - help, Dir - look around, f - activate A wave of flame ripples out!
The flame wave engulfs Gymmif's ghost!
Gymmif's ghost is burned terribly!
Gymmif's ghost is moderately damaged.
The flame wave engulfs the cane toad!
The cane toad is moderately wounded. (Press . to intensify the flame waves.)
You block the cane toad's attack. Gymmif's ghost closely misses you.
You block the cane toad's attack. Gymmif's ghost completely misses you.
The cane toad completely misses you.
A wave of flame ripples out!
The flame wave engulfs Gymmif's ghost!!
Gymmif's ghost is burned terribly!
Gymmif's ghost is heavily damaged.
The flame wave engulfs the cane toad!!
The cane toad is severely wounded.
The flame wave engulfs the cane toad!
The cane toad is moderately wounded.
The cane toad completely misses you. Gymmif's ghost hits you!!
* * * LOW HITPOINT WARNING * * *
The cane toad misses you.
A wave of flame ripples out!
The flame wave engulfs Gymmif's ghost!!
Gymmif's ghost is burned terribly!
Gymmif's ghost is severely damaged.
The flame wave engulfs the cane toad.
The cane toad is severely wounded.
The flame wave engulfs the cane toad.
The cane toad is heavily wounded.
The cane toad completely misses you. The cane toad stings you!
* * * LOW HITPOINT WARNING * * *
Gymmif's ghost completely misses you. The cane toad misses you.
Gymmif's ghost hits you!
* * * LOW HITPOINT WARNING * * *
You feel much better. The cane toad closely misses you.
The cane toad stings you!
* * * LOW HITPOINT WARNING * * *
Gymmif's ghost hits you!!
* * * LOW HITPOINT WARNING * * *
You focus on the pain.
You feel your power returning. The cane toad stings you!!
You die...

###..#.#...#...#..........
###.#..#..#.##!.##.........#
##......##$#...#.#©...##.####
#........#?#.....##...####
##......©#?[.©#...#....###
##....#..#/.#...#.#......#
#....##.##..†..#.##.#....##
#P...##.#..#W#F..#..#.....#
##....#.#..#@#...#.##....##
##...#..##...F..©#.##....###
#P.......###...###....#....##
##....##...#####....##......#
#.....##.........####........
##....####....#### ###.....♣
#...## ####.# ##...♣♣.
##...## ### #...⌠...
#.....### #...⌠...


You could see a cane toad (berserk) and Gymmif's ghost.

Vanquished Creatures
  Jorgrun (D:12)
  The ghost of stormannnn the Thaumaturge, a journeyman DjHW of Gozag (Lair:2)
  2 boulder beetles
  A two-headed ogre (D:12)
  12 death yaks
  3 bog bodies (Lair:3)
  A cyclops (D:11)
  A moth of wrath (Lair:3)
  An ugly thing (D:11)
  3 black mambas (Lair:2)
  2 gargoyles (D:11)
  5 cane toads
  3 unseen horrors
  2 rime drakes
  3 komodo dragons
  2 trolls
  Grinder (D:3)
  A polar bear (Lair:2)
  3 wyverns
  A vampire (D:11)
  A wraith (D:10)
  5 yaks
  A basilisk (Lair:2)
  A steam dragon (Lair:2)
  A redback (Lair:3)
  Menkaure (D:6)
  3 vampire mosquitoes (D:9)
  2 acid dragons
  A swamp worm (Lair:3)
  5 water moccasins
  3 orc warriors
  An ice beast (D:6)
  2 sky beasts (D:7)
  A black bear (Lair:1)
  27 wolves
  3 ogres
  A centaur (D:9)
  3 kobold brigands
  2 necrophages (D:5)
  13 bullfrogs
  2 scorpions
  4 wights (D:7)
  14 killer bees
  3 electric eels
  6 howler monkeys
  2 jellies
  10 orc priests
  3 iguanas
  Jessica (D:3)
  7 orc wizards
  9 gnolls
  6 adders
  A shadow imp (D:6)
  2 white imps
  2 ufetubi
  2 worms (D:2)
  4 dart slugs
  34 orcs
  4 endoplasms
  7 giant cockroaches
  5 goblins
  4 hobgoblins
  12 jackals
  15 kobolds
  4 quokkas
  4 ball pythons (D:3)
  6 bats
  7 frilled lizards
  7 rats
313 creatures vanquished.

Vanquished Creatures (collateral kills)
  6 foxfires
6 creatures vanquished.

Vanquished Creatures (others)
  1043 foxfires
  17 fungi
  12 plants
1072 creatures vanquished.

Grand Total: 1391 creatures vanquished

Notes
Turn   | Place    | Note
-------+----------+-------------------------------------------
     0 | D:1      | gelatine the Demonspawn Fire Elementalist began the quest
                  | for the Orb.
     0 | D:1      | Reached XP level 1. HP: 13/13 MP: 3/3
   333 | D:1      | Reached skill level 3 in Fire Magic
   394 | D:1      | Gained mutation: You are partially covered in yellow
                  | scales. (AC +2) [demonic ancestry]
   394 | D:1      | Reached XP level 2. HP: 16/19 MP: 1/5
   885 | D:1      | Gained mutation: You are mostly covered in yellow scales.
                  | (AC +3) [demonic ancestry]
   885 | D:1      | Reached XP level 3. HP: 25/25 MP: 4/6
  1261 | D:2      | Learned a level 2 spell: Scorch
  1279 | D:2      | Reached skill level 1 in Long Blades
  2354 | D:3      | Noticed Jessica
  2367 | D:3      | Killed Jessica
  2368 | D:3      | Gained mutation: You have large cloven feet. [demonic
                  | ancestry]
  2368 | D:3      | Reached XP level 4. HP: 31/31 MP: 1/7
  2584 | D:3      | Learned a level 4 spell: Olgreb's Toxic Radiance
  2674 | D:3      | Reached skill level 1 in Fighting
  2675 | D:3      | Reached XP level 5. HP: 36/37 MP: 1/9
  2681 | D:3      | Noticed Grinder
  2688 | D:3      | Reached skill level 4 in Fire Magic
  2767 | D:3      | Killed Grinder
  2768 | D:3      | Reached skill level 1 in Poison Magic
  2768 | D:3      | Reached skill level 1 in Evocations
  2768 | D:3      | Reached XP level 6. HP: 32/43 MP: 1/10
  2860 | D:3      | Found a radiant altar of Vehumet.
  2881 | D:3      | Became a worshipper of Vehumet
  2893 | D:3      | Identified the +9 short sword of the Noxious God {flame,
                  | rF+ rC- SInv}
  3121 | D:3      | Identified the +1 robe of Decompression {Will+ Str+5}
  3225 | D:3      | Found a burning altar of Makhleb.
  3228 | D:3      | Noticed an angel
  3228 | D:3      | Noticed a cacodemon
  3806 | D:4      | Found Niutelue's Antique Armour Shop.
  4206 | D:4      | Gained mutation: You sometimes gain a little power by
                  | taking damage. [demonic ancestry]
  4206 | D:4      | Reached XP level 7. HP: 50/50 MP: 7/11
  4717 | D:5      | Entered Level 5 of the Dungeon
  5349 | D:5      | Reached * piety under Vehumet
  5349 | D:5      | Offered knowledge of Kiss of Death by Vehumet.
  5350 | D:5      | Reached skill level 5 in Fire Magic
  5715 | D:6      | Gained mutation: You are robust. (+10% HP) [potion of
                  | mutation]
  5715 | D:6      | Gained mutation: You are weak. (Str -2) [potion of
                  | mutation]
  5715 | D:6      | Gained mutation: Your body sometimes deteriorates upon
                  | taking damage. [potion of mutation]
  5739 | D:6      | Reached XP level 8. HP: 12/62 MP: 7/13
  5949 | D:6      | Noticed Menkaure
  5954 | D:6      | Killed Menkaure
  6416 | D:6      | Found a staircase to the Ecumenical Temple.
  6560 | Temple   | Entered the Ecumenical Temple
  6752 | D:7      | Reached skill level 6 in Fire Magic
  6757 | D:7      | Found a blossoming altar of Fedhas.
  6770 | D:7      | Gained mutation: You have hoof-like feet. [demonic
                  | ancestry]
  6770 | D:7      | Reached XP level 9. HP: 26/71 MP: 1/15
  6776 | D:7      | Reached skill level 1 in Short Blades
  6967 | D:7      | Found a sparkling altar of Nemelex Xobeh.
  6967 | D:7      | Found a broken altar of Ashenzari.
  6967 | D:7      | Found an opulent altar of Gozag.
  6984 | D:7      | Offered knowledge of Sandblast by Vehumet.
  7424 | D:7      | Reached ** piety under Vehumet
  7728 | D:8      | Lost mutation: Your body sometimes deteriorates upon taking
                  | damage. [potion of mutation]
  7728 | D:8      | Lost mutation: You are weak. (Str -2) [potion of mutation]
  7728 | D:8      | Gained mutation: Your body sometimes deteriorates upon
                  | taking damage. [potion of mutation]
  7728 | D:8      | Lost mutation: Your body sometimes deteriorates upon taking
                  | damage. [potion of mutation]
  7959 | D:8      | Found Qutebud's Distillery.
  7967 | D:8      | Bought a potion of heal wounds for 55 gold pieces
  7967 | D:8      | Bought a potion of curing for 33 gold pieces
  7967 | D:8      | Bought 2 potions of flight for 66 gold pieces
  7967 | D:8      | Bought a potion of magic for 88 gold pieces
  8009 | D:8      | Reached skill level 5 in Spellcasting
  8267 | D:8      | Found an iron altar of Okawaru.
  8631 | D:8      | Offered knowledge of Frozen Ramparts by Vehumet.
  8838 | D:9      | Reached skill level 7 in Fire Magic
  8932 | D:9      | Reached XP level 10. HP: 66/80 MP: 10/18
  9078 | D:9      | Reached *** piety under Vehumet
  9295 | D:9      | Got Ucumy's Vademecum on the Tainted Deep Freeze
  9578 | D:9      | Reached skill level 5 in Fighting
  9886 | D:9      | Offered knowledge of Stone Arrow by Vehumet.
 10013 | D:9      | Found a staircase to the Lair.
 10159 | D:10     | Entered Level 10 of the Dungeon
 10208 | D:10     | Reached skill level 5 in Conjurations
 10208 | D:10     | Found a portal to a secret trove of treasure.
 10464 | D:10     | Reached skill level 8 in Fire Magic
 11054 | D:10     | Identified the ring "Odwuehie" {rPois rN+ rCorr AC+4 Int+3}
 11146 | D:10     | Reached skill level 5 in Evocations
 11360 | D:11     | Noticed a gargoyle
 11360 | D:11     | Found a staircase to the Orcish Mines.
 11582 | D:11     | Killed a gargoyle
 11730 | D:11     | Noticed a red ugly thing
 11748 | D:11     | Killed a red ugly thing
 11749 | D:11     | Reached XP level 11. HP: 54/88 MP: 4/21
 12006 | D:11     | Reached **** piety under Vehumet
 12465 | D:12     | Noticed a two-headed ogre
 12480 | D:12     | Killed a two-headed ogre
 12481 | D:12     | Reached skill level 9 in Fire Magic
 12651 | D:12     | Noticed Jorgrun
 12663 | D:12     | Offered knowledge of Freezing Cloud by Vehumet.
 12675 | D:12     | Killed Jorgrun
 12676 | D:12     | Reached skill level 5 in Poison Magic
 12882 | D:12     | Noticed a boulder beetle
 12900 | D:12     | Killed a boulder beetle
 12901 | D:12     | Reached skill level 5 in Dodging
 13116 | Lair:1   | Entered Level 1 of the Lair of Beasts
 13539 | Lair:1   | Identified the ring "Piaha" {rC+ Will++ Int-2}
 14089 | Lair:2   | Reached skill level 1 in Armour
 14337 | Lair:2   | Reached skill level 10 in Fire Magic
 14502 | Lair:2   | Found a runed translucent door.
 14502 | Lair:2   | Noticed stormannnn's ghost (journeyman DjHW)
 14737 | Lair:2   | Gained mutation: You sometimes gain power by taking damage.
                  | [demonic ancestry]
 14737 | Lair:2   | Reached XP level 12. HP: 78/97 MP: 18/24
 15015 | Lair:2   | Killed stormannnn's ghost
 15121 | Lair:3   | Noticed a death yak
 15125 | Lair:3   | Noticed a death yak
 15126 | Lair:3   | Noticed a death yak
 15127 | Lair:3   | Noticed a death yak
 15136 | Lair:3   | Killed a death yak
 15148 | Lair:2   | Killed a death yak
 15150 | Lair:2   | Killed a death yak
 15376 | Lair:2   | Learned a level 3 spell: Ignite Poison
 15381 | Lair:2   | Learned a level 4 spell: Flame Wave
 15390 | Lair:2   | Learned a level 8 spell: Ignition
 15401 | Lair:3   | Killed a death yak
 15547 | Lair:3   | Noticed a death yak
 15548 | Lair:3   | Noticed a death yak
 15548 | Lair:3   | Noticed a death yak
 15550 | Lair:3   | Noticed a death yak
 15554 | Lair:3   | Killed a death yak
 15554 | Lair:3   | Noticed a death yak
 15555 | Lair:3   | Killed a death yak
 15556 | Lair:3   | Killed a death yak
 15556 | Lair:3   | Killed a death yak
 15568 | Lair:3   | Killed a death yak
 15715 | Lair:3   | Found a hole to the Spider Nest.
 15738 | Lair:3   | Noticed a boulder beetle
 15747 | Lair:3   | Killed a boulder beetle
 15793 | Lair:3   | Reached ***** piety under Vehumet
 15860 | Lair:3   | Got the Spellbook of the Coruscating Icicle
 16009 | Lair:3   | Offered knowledge of Fireball by Vehumet.
 16017 | Lair:3   | Learned a level 5 spell: Fireball
 16244 | Lair:3   | Noticed a death yak
 16247 | Lair:3   | Noticed a death yak
 16248 | Lair:3   | Noticed a death yak
 16252 | Lair:3   | Killed a death yak
 16253 | Lair:3   | Killed a death yak
 16253 | Lair:3   | Killed a death yak
 16254 | Lair:3   | Reached skill level 11 in Fire Magic
 16446 | Lair:3   | Found a transporter.
 16452 | Lair:3   | Noticed Gymmif's ghost (journeyman DsGl)
 16540 | Lair:3   | Gained mutation: A meltable shield of frost defends you.
                  | (SH +4) [demonic ancestry]
 16540 | Lair:3   | Reached XP level 13. HP: 99/105 MP: 3/26
 16654 | Lair:3   | Found a transporter.
 16843 | Lair:3   | Found a staircase to the Swamp.
 17129 | Lair:3   | HP: 1/105 [Gymmif's ghost (9)]
 17130 | Lair:3   | Mangled by a cane toad

Illustrated notes

Levels and vault maps discovered:
D:1:      psy_arrival_radial02, layout_basic
D:2:      layout_basic
D:3:      layout_rooms, grunt_temple_overflow_order_and_chaos_2,
          mainiacjoe_overflow_boulevard, dreamdust_princess_bridge,
          uniq_grinder, uniq_jessica
D:4:      layout_layer_cave, serial_shops, shop
D:5:      layout_rooms, serial_curves, eino_curves_04, eino_curves_02,
          interstate_on_off
D:6:      layout_cave_pools, temple_doors_ab, uniq_menkaure
D:7:      layout_rooms, chequers_temple_overflow_statue_of_worship,
          general_overflow_altar, enter_bailey_7
D:8:      layout_basic, serial_shops, nicolae_shop_stone,
          david_defended_altar_orc
D:9:      layout_basic, grunt_lair_entry_orc_guard_hut
D:10:     layout_basic, nicolae_trove_entry_isolated
D:11:     layout_basic, orc_0_dummy, kennysheep_generic_room_11
D:12:     layout_roguey, minivault_10, uniq_gastronok, uniq_jorgrun
Temple:   nicolae_temple_superstar
Lair:1:   layout_chaotic_city, grunt_megastairs_1
Lair:2:   layout_concentric_octagons, ebering_ghost_inner_flame,
          grunt_megastairs_3
Lair:3:   layout_cellular_growth, nicolae_swamp_entry_splash_gauntlet,
          spider_nest_entry_webs, nicolae_volcano_entry_two_sided,
          gammafunk_ghost_berserking_beasts, wad_woods_road_01

Skill      XL: |  1  2  3  4  5  6  7  8  9 10 11 12 |
---------------+-------------------------------------+-----
Fire Magic     | 3 4 5 6 7 8 10 11 | 11.2
Dodging        | 2 3 4 5 6 |  6.3
Long Blades    | 1 |  1.4
Fighting       | 1 2 4 5 6 7 |  7.3
Spellcasting   | 3 4 5 7 8 9 |  9.0
Conjurations   | 2 3 4 5 6 7 |  7.5
Poison Magic   | 1 2 4 5 |  5.9
Evocations     | 1 2 3 4 5 6 |  6.0
Stealth        | 2 |  2.6
Short Blades   | 2 3 4 |  4.6
Armour         | 1 3 |  3.6
Transmutations | |  0.8

Action                     |  1- 3 |  4- 6 |  7- 9 | 10-12 | 13-15 || total
---------------------------+-------+-------+-------+-------+-------++-------
  Melee: Falchion          |    61 |    29 |       |       |       ||    90
         Kick              |       |     8 |    17 |    58 |     2 ||    85
         Short sword       |       |     6 |    72 |   169 |     5 ||   252
         Punch             |       |       |     1 |     1 |       ||     2
   Cast: Foxfire           |    75 |    88 |   212 |   238 |     5 ||   618
         Scorch            |     2 |     4 |    32 |   100 |       ||   138
         Olgreb's Toxic Ra |       |     1 |     2 |    27 |     3 ||    33
         Ignite Poison     |       |       |       |    11 |     1 ||    12
         Fireball          |       |       |       |     7 |     5 ||    12
         Flame Wave        |       |       |       |     2 |     1 ||     3
  Evoke: Wand              |       |       |       |     3 |     1 ||     4
    Use: Scroll            |       |     5 |    10 |     6 |     1 ||    22
         Potion            |       |       |     5 |     2 |     1 ||     8
 Armour: Robe              |    62 |    22 |    44 |    87 |     9 ||   224
  Dodge: Dodged            |    96 |    29 |    82 |   141 |    24 ||   372
  Block: Other             |       |       |       |       |     6 ||     6

Table legend: (Time is in decaauts)
 A = Elapsed time spent in this place.
 B = Non-inter-level travel time spent in this place.
 C = Inter-level travel time spent in this place.
 D = Time resting spent in this place.
 E = Time spent auto-exploring this place.
 F = Levels seen in this place.
 G = Mean time per level.
                   A        B        C        D        E       F      G
               +--------+--------+--------+--------+--------+-----+--------+
         Total |  17151 |  16543 |    608 |      0 |  14211 |  16 | 1071.9 |
       Dungeon |  12994 |  12563 |    431 |      0 |  10777 |  12 | 1082.8 |
        Temple |    136 |    114 |     22 |      0 |    100 |   1 |  136.0 |
          Lair |   4020 |   3865 |    155 |      0 |   3334 |   3 | 1340.0 |
               +--------+--------+--------+--------+--------+-----+--------+

Top non-repeatable levels by time:
  Lair:3: 1782 daAuts
     D:4: 1454 daAuts
  Lair:2: 1421 daAuts
     D:9: 1371 daAuts
    D:11: 1306 daAuts
     D:8: 1266 daAuts
     D:1: 1254 daAuts
    D:10: 1152 daAuts
     D:2: 1131 daAuts
     D:5: 981 daAuts
     D:3: 899 daAuts
     D:6: 876 daAuts
     D:7: 848 daAuts
  Lair:1: 817 daAuts
    D:12: 452 daAuts
